 Dungeon Crawl Stone Soup version 0.29-a0-542-g075992c915 (webtiles) character file.

Game seed: 14800770041897474084

12773 Armakuni the Cruncher (level 12, -6/106 HPs)
             Began as a Meteoran Fighter on June 4, 2022.
             Was a Priest of the Shining One.
             Constricted to death by Jorgrun (14 damage)
             ... on level 1 of the Orcish Mines.
             The game lasted 00:41:14 (6361 turns).

Armakuni the Cruncher (Meteoran Fighter)            Turns: 6361, Time: 00:41:15

Health: -6/106     AC: 13    Str: 18    XL:     12   Next: 54%
Magic:  35/38      EV: 11    Int: 13    God:    the Shining One [***...]
Gold:   355        SH: 10    Dex: 14    Spells: 6/11 levels left

rFire   + + +      SeeInvis .   a - +10 lajatang of Cafatun {venom, rF+++ rCorr MP+9 Int-2}
rCold   . . .      Faith    .   (shield currently unavailable)
rNeg    + . .      Spirit   .   y - +0 troll leather armour
rPois   .          Reflect  .   s - +0 helmet
rElec   .          Harm     .   e - +0 cloak
rCorr   +          Rampage  .   p - +0 pair of gloves
Will    +....                   k - +0 pair of boots
Stlth   +.........              (no amulet)
HPRegen 1.07/turn               A - +4 ring of protection
MPRegen 0.26/turn               P - ring of magical power

@: divinely shielded, grasped by roots, glowing, constricted
A: sense surroundings 2, otherworldly, glowing, explore regen
a: Renounce Religion, Divine Shield, Cleansing Flame


You were on level 1 of the Orcish Mines.
You worshipped the Shining One.
The Shining One was most pleased with you.
You visited 3 branches of the dungeon, and saw 14 of its levels.

You collected 880 gold pieces.
You spent 525 gold pieces at shops.

Inventory:

Hand Weapons
 a - the +10 lajatang of Cafatun (weapon) {venom, rF+++ rCorr MP+9 Int-2}
   (You acquired it on level 10 of the Dungeon)

   It poisons the flesh of those it strikes.
   Int:       It affects your intelligence (-2).
   rF:        It renders you almost immune to fire.
   MP:        It affects your magic capacity (+9).
   rCorr:     It protects you from acid and corrosion.
 b - a +0 scimitar of flaming
Missiles
 j - 2 boomerangs
 m - 2 throwing nets
 E - a curare-tipped dart
Armour
 e - a +0 cloak (worn)
 k - a +0 pair of boots (worn)
 p - a +0 pair of gloves (worn)
 s - a +0 helmet (worn)
 y - a +0 troll leather armour (worn)
Magical Staves
 r - a staff of cold
Jewellery
 A - a +4 ring of protection (left hand)
 P - a ring of magical power (right hand)
Wands
 v - a wand of flame (21) (quivered)
Scrolls
 d - a scroll of immolation
 f - 2 scrolls of magic mapping
 h - 5 scrolls of teleportation
 n - 2 scrolls of identify
 u - 2 scrolls of noise
 w - 2 scrolls of enchant armour
 B - a scroll of silence
 C - a scroll of poison
 D - 2 scrolls of amnesia
Potions
 g - a potion of cancellation
 i - a potion of might
 l - a potion of heal wounds
 o - 2 potions of brilliance
 q - 4 potions of magic
 x - 2 potions of curing
 z - 2 potions of mutation
 F - a potion of ambrosia {unknown}


   Skills:
 - Level 10.0 Fighting
 - Level 5.0 Long Blades
 - Level 6.0(11.2) Maces & Flails
 - Level 13.5(14.0) Staves
 - Level 0.7 Throwing
 + Level 5.3 Armour
 + Level 5.3 Dodging
 - Level 4.0 Shields
 + Level 10.3 Invocations
 - Level 5.0 Evocations


You had 6 spell levels left.
You knew the following spells:

 Your Spells              Type           Power      Damage    Failure   Level
a - Apportation           Tloc           0%         N/A       34%         1
t - Passwall              Tmut/Erth      0%         N/A       47%         2
w - Wereblood             Tmut           0%         N/A       47%         2

Your spell library contained the following spells:

 Spells                   Type           Power      Damage    Failure   Level
 Necrotize                Necr           0%         1d4       34%         1
 Sandblast                Erth           0%         2d4       34%         1
 Slow                     Hex            0%         N/A       34%         1
 Summon Small Mammal      Summ           0%         N/A       34%         1
 Ensorcelled Hibernation  Hex/Ice        0%         N/A       47%         2
 Sublimation of Blood     Necr           0%         N/A       47%         2
 Confusing Touch          Hex            0%         N/A       71%         3
 Stone Arrow              Conj/Erth      0%         3d7       71%         3
 Swiftness                Air            0%         N/A       71%         3
 Vampiric Draining        Necr           0%         2d6       71%         3
 Passage of Golubria      Tloc           0%         N/A       98%         4
 Silence                  Hex/Air        0%         N/A       100%        5
 Summon Hydra             Summ           0%         N/A       100%        7
 Lehudib's Crystal Spear  Conj/Erth      0%         10d2      100%        8


Dungeon Overview and Level Annotations

Branches:
Dungeon (11/15)            Temple (1/1) D:4             Orc (2/2) D:11
   Lair: D:8-11         Elf: Orc:2

Altars:
Ashenzari
Cheibriados
Dithmenos
Elyvilon
Fedhas
Gozag
Hepliaklqana
Kikubaaqudgha
Makhleb
Nemelex Xobeh
Okawaru
Qazlal
Ru
Sif Muna
Trog
Uskayaw
Vehumet
Wu Jian
Yredelemnul
The Shining One
Beogh

Shops:
D:1 !   D:10 =?   D:11 (   Orc:1 =?

Annotations:
D:5 3 runed translucent doors, SlaveLabor's ghost, novice DrIE
D:10 1 transporter, robertstho's ghost, journeyman DjFE
Orc:1 3 runed translucent doors, Jorgrun; heinrich's ghost, journeyman GnCA


Innate Abilities, Weirdness & Mutations

You passively map the area around you.
You are easily found by Zot.
You glow in the dark.
You regain HP and MP as you explore.


Message History

A gnoll shaman comes into view. It is wielding a +3 whip.
Found 50 gold pieces.
There is a stone staircase leading up here.
The gnoll shaman shouts!
The gnoll shouts!
The orc knight shouts!
You hit the warg.
The warg is lightly wounded.
You hear a howl!
The warg bites you! The orc warrior misses you.
A gnoll comes into view. It is wielding a +0 spear.
The gnoll shouts!
The warg bites you! The orc warrior barely misses you.
The orc knight roars a battlecry!
The orc warriors go into a battle-frenzy!
Jorgrun hits you with a +0 vorpal quarterstaff!
You climb upwards.
Level annotation: 3 runed translucent doors, heinrich's ghost, journeyman GnCA
There is a stone staircase leading down here.
Okay, then.
Unknown command.
Okay, then.
Unknown command.
A divine shield forms around you! The warg barely misses you.
Jorgrun points at you and mumbles some strange words.
Roots burst forth from the earth!
The grasping roots grab you! The grasping roots constrict you!
The warg closely misses you.
Unknown command.
As you read the scroll of summoning, it crumbles to dust.
Wisps of shadow whirl around you... The warg bites you!
Jorgrun points at you and mumbles some strange words.
The iron shot hits you!!!
* * * LOW HITPOINT WARNING * * *
The grasping roots constrict you.
You slash Jorgrun!
Jorgrun is poisoned.
Jorgrun is lightly wounded.
The warg completely misses you.
Jorgrun hits you with a +0 vorpal quarterstaff!
* * * LOW HITPOINT WARNING * * *
x2 The grasping roots constrict you!
You die...

*** #....#...?...#..# ,*
####...#.......#..# ,
#..##..#########..#
##...#.............# , *
#....#.............# ,,,
#####....o.#############
#.$......h..# ,
,#.......h..### ,
.....o.@o....# , ,
..>...g##.....# .....##
.....^# * , .....
*......#, , , ,.$.. *
##.......** ,, ... ,
,...#..# , ..., ,,.#.# ,
* , * * , ,


You could see Jorgrun (very poisoned, ally target), a warg (ally target), a
friendly warg (summoned), a friendly orc warrior (summoned) and 2 friendly orcs.

Vanquished Creatures
  Erica (D:8)
  An ice dragon (D:9)
  An orc high priest (Orc:2)
  2 orc knights (Orc:2)
  An orc sorcerer (Orc:2)
  Psyche (D:8)
  A kobold demonologist (D:9)
  5 trolls
  A hornet (D:8)
  Prince Ribbit (D:8)
  2 wyverns (D:9)
  A vampire (D:11)
  9 yaks
  Eustachio (D:6)
  A steam dragon (D:8)
  2 wargs
  3 water moccasins
  13 orc warriors
  An ice beast (D:7)
  2 black bears
  3 ogres
  2 centaurs
  2 bullfrogs
  5 kobold brigands
  3 scorpions
  3 gnoll sergeants
  A necrophage (D:5)
  5 wights (D:7)
  4 killer bees
  3 howler monkeys
  An electric eel (D:9)
  6 hounds
  20 orc priests
  3 gnoll shamans
  5 jellies
  Jessica (D:3)
  2 iguanas (D:5)
  7 orc wizards
  23 gnolls
  14 adders
  A white imp (D:6)
  An ufetubus (D:5)
  4 worms
  2 dart slugs
  51 orcs
  7 endoplasms
  5 giant cockroaches
  3 goblins
  8 hobgoblins
  14 jackals
  12 kobolds
  7 quokkas
  6 ball pythons
  2 bats (D:1)
  6 frilled lizards
  12 rats
304 creatures vanquished.

Vanquished Creatures (others)
  A human (D:9)
  4 fungi (D:10)
5 creatures vanquished.

Grand Total: 309 creatures vanquished

Notes
Turn   | Place    | Note
-------+----------+-------------------------------------------
     0 | D:1      | Armakuni the Meteoran Fighter began the quest for the Orb.
     0 | D:1      | Reached XP level 1. HP: 19/19 MP: 2/2
    42 | D:2      | Reached XP level 2. HP: 26/26 MP: 3/3
   139 | D:3      | Noticed Jessica
   208 | D:2      | Reached XP level 3. HP: 8/33 MP: 4/4
   450 | D:2      | Identified the +0 leather armour of the Farmer {*Slow rC++
                  | Slay+3}
   531 | D:2      | Reached XP level 4. HP: 32/40 MP: 5/5
   567 | D:3      | Killed Jessica
   574 | D:3      | Found a hide-covered altar of Uskayaw.
   669 | D:4      | Found a staircase to the Ecumenical Temple.
   681 | Temple   | Entered the Ecumenical Temple
   728 | Temple   | Became a worshipper of the Shining One
   799 | D:4      | Reached skill level 1 in Evocations
   799 | D:4      | Reached XP level 5. HP: 41/47 MP: 6/6
   810 | D:5      | Entered Level 5 of the Dungeon
   810 | D:5      | Noticed a centaur
   816 | D:5      | Killed a centaur
   816 | D:5      | Noticed a necrophage
   817 | D:5      | Reached skill level 5 in Fighting
   817 | D:5      | Reached skill level 5 in Maces & Flails
   817 | D:5      | Reached XP level 6. HP: 46/56 MP: 7/7
  1095 | D:3      | Reached XP level 7. HP: 61/61 MP: 8/8
  1305 | D:1      | Found Yshem's Distillery.
  1312 | D:1      | Bought a potion of curing for 33 gold pieces
  1312 | D:1      | Bought a potion of heal wounds for 55 gold pieces
  1312 | D:1      | Bought a potion of degeneration for 11 gold pieces
  1451 | D:1      | Found a faded altar of an unknown god.
  2030 | D:3      | Reached skill level 1 in Dodging
  2430 | D:5      | Reached * piety under the Shining One
  2432 | D:5      | Found a runed translucent gate.
  2433 | D:5      | Found a runed translucent gate.
  2434 | D:5      | Noticed SlaveLabor's ghost (novice DrIE)
  2437 | D:5      | Reached XP level 8. HP: 70/70 MP: 9/9
  2445 | D:5      | Found a runed translucent gate.
  2446 | D:5      | Identified the +4 chain mail of Oblivion {Dex+2 Slay+3
                  | Stlth+}
  2447 | D:5      | Identified the +1 plate armour of the Arcane {Will+}
  2556 | D:6      | Reached skill level 1 in Invocations
  2581 | D:6      | Reached skill level 5 in Evocations
  2739 | D:6      | Noticed Eustachio
  2766 | D:6      | Killed Eustachio
  2767 | D:6      | Reached skill level 5 in Dodging
  2767 | D:6      | Reached skill level 5 in Invocations
  2827 | D:6      | Gained mutation: You passively map the area around you.
                  | [Meteoran growth]
  2827 | D:6      | Reached XP level 9. HP: 35/75 MP: 13/13
  3234 | D:5      | Reached skill level 5 in Armour
  3734 | D:8      | Noticed Psyche
  3742 | D:8      | Noticed Erica
  3745 | D:8      | Killed Psyche
  3793 | D:8      | Killed Erica
  3794 | D:8      | Reached skill level 10 in Fighting
  3794 | D:8      | Reached skill level 2 in Staves
  3794 | D:8      | Reached XP level 10. HP: 49/93 MP: 14/14
  3801 | D:8      | Reached skill level 3 in Staves
  3823 | D:8      | Reached skill level 1 in Long Blades
  3843 | D:8      | Reached skill level 4 in Staves
  4048 | D:7      | Found a shadowy altar of Dithmenos.
  4200 | D:8      | Paralysed by a hornet for 1 turns
  4204 | D:8      | Reached skill level 5 in Staves
  4220 | D:8      | Reached skill level 6 in Staves
  4295 | D:8      | Reached skill level 5 in Long Blades
  4493 | D:9      | Reached skill level 7 in Staves
  4512 | D:9      | Reached skill level 8 in Staves
  4516 | D:9      | Reached XP level 11. HP: 38/99 MP: 15/15
  4574 | D:9      | Reached skill level 9 in Staves
  4574 | D:9      | Noticed an ice dragon
  4583 | D:10     | Entered Level 10 of the Dungeon
  4583 | D:10     | Found Ikluecat's Magic Scroll Boutique.
  4587 | D:10     | Bought a scroll of noise for 15 gold pieces
  4587 | D:10     | Bought a scroll of immolation for 52 gold pieces
  4587 | D:10     | Identified a scroll of acquirement
  4593 | D:10     | Acquired the +10 lajatang of Cafatun {venom, rF+++ rCorr
                  | MP+9 Int-2}
  4626 | D:10     | Bought a scroll of summoning for 142 gold pieces
  4670 | D:10     | Found a broken altar of Ashenzari.
  4723 | D:10     | Reached skill level 10 in Staves
  4747 | D:10     | Learned a level 1 spell: Apportation
  4750 | D:10     | Learned a level 2 spell: Wereblood
  4753 | D:10     | Learned a level 2 spell: Passwall
  4767 | D:10     | Noticed a centaur warrior
  4776 | D:10     | Reached ** piety under the Shining One
  4777 | D:10     | Noticed a black mamba
  4777 | D:10     | a troll changed into a black mamba
  4777 | D:10     | Noticed a black mamba
  4777 | D:10     | Noticed robertstho's ghost (journeyman DjFE)
  4778 | D:10     | Found a transporter.
  4780 | D:10     | Noticed a harpy
  4780 | D:10     | a black mamba changed into a harpy
  4784 | D:10     | Noticed a harpy
  4784 | D:10     | a black mamba changed into a harpy
  4791 | D:11     | Found Otorgheil's Weapon Boutique.
  4803 | D:10     | Found Caucruko's One-of-a-Kind Rings.
  4846 | D:10     | Noticed a death drake
  4850 | D:10     | a harpy changed into a blink frog
  4851 | D:10     | Noticed a deep troll
  4851 | D:10     | a death drake changed into a deep troll
  4854 | D:10     | Noticed an eye of devastation
  4854 | D:10     | a deep troll changed into an eye of devastation
  4873 | D:9      | Found a snail-covered altar of Cheibriados.
  5016 | D:9      | Killed an ice dragon
  5017 | D:9      | Reached skill level 11 in Staves
  5176 | D:8      | Found an ornate altar of the Wu Jian Council.
  5176 | D:8      | Found a hazy altar of Hepliaklqana.
  5186 | D:8      | Noticed Prince Ribbit
  5197 | D:8      | Killed Prince Ribbit
  5198 | D:8      | Reached skill level 12 in Staves
  5321 | D:8      | Reached skill level 13 in Staves
  5895 | D:9      | Found an ancient bone altar of Kikubaaqudgha.
  5948 | D:11     | Found a staircase to the Orcish Mines.
  5972 | Orc:1    | Entered Level 1 of the Orcish Mines
  5981 | Orc:1    | Reached XP level 12. HP: 98/106 MP: 17/17
  5987 | Orc:1    | You fall into a shaft and drop 1 floor!
  5987 | Orc:2    | Entered Level 2 of the Orcish Mines
  5987 | Orc:2    | Noticed an orc knight
  5987 | Orc:2    | Reached *** piety under the Shining One
  6003 | Orc:2    | Killed an orc knight
  6087 | Orc:2    | Noticed an orc high priest
  6091 | Orc:2    | Noticed an orc knight
  6091 | Orc:2    | Noticed an orc knight
  6100 | Orc:2    | Killed an orc high priest
  6106 | Orc:2    | Killed an orc knight
  6123 | Orc:1    | Found a runed translucent gate.
  6127 | Orc:1    | Found a runed translucent gate.
  6127 | Orc:1    | Found a runed translucent gate.
  6127 | Orc:1    | Noticed heinrich's ghost (journeyman GnCA)
  6160 | Orc:1    | Reached skill level 10 in Invocations
  6169 | Orc:1    | Found Aropp's Jewellery Boutique.
  6178 | Orc:1    | Found Niume's Magic Scroll Shoppe.
  6203 | Orc:1    | Bought a scroll of teleportation for 42 gold pieces
  6203 | Orc:1    | Bought a scroll of teleportation for 42 gold pieces
  6203 | Orc:1    | Bought a scroll of summoning for 133 gold pieces
  6355 | Orc:2    | Noticed Jorgrun
  6355 | Orc:2    | Noticed an orc knight
  6361 | Orc:1    | Constricted to death by Jorgrun

Illustrated notes

Levels and vault maps discovered:
D:1:      roderic_chinese_lattice_arrival, layout_rooms, serial_shops,
          nicolae_square_shop, dreamdust_ecumenical_altar_hidden_monk_grotto,
          nicolae_figureground_sparkle
D:2:      layout_rooms, minmay_misc_feat_square
D:3:      layout_loops_cross, lemuel_doored_altar, minmay_checkerbox,
          uniq_jessica
D:4:      lemuel_castle_with_subvaults [lemuel_castle_interior_carwin_1],
          layout_loops_cross, minmay_temple_entry_nine_rooms,
          chequers_arboretum, kennysheep_doodads
D:5:      layout_loops_ring, gup_sewer_entry_spiral, biasface_ghost_orc_armoury,
          st_stairs_7
D:6:      layout_basic, serial_shops, kennysheep_little_box, minivault_11,
          uniq_eustachio
D:7:      nicolae_cairo_tiling_large, layout_basic, lemuel_crystal_altar,
          kennysheep_another_room
D:8:      layout_rooms, gammafunk_temple_overflow_wave, minmay_joined_circles,
          uniq_psyche, uniq_prince_ribbit1, uniq_erica
D:9:      dragon1_lemuel, layout_cave_pools, tgw_kikubaaqudgha,
          mainiacjoe_overflow_six_doors_small
D:10:     layout_small_grid, mainiacjoe_overflow_boulevard,
          nicolae_overflow_crystal_walls, serial_shops, nicolae_shop_stone,
          nicolae_shop_hallway_stairs, nicolae_square_shop,
          gammafunk_ghost_arena, grunt_decor_fettered, nicolae_wwwww,
          nicolae_shop_unique_rings, uniq_josephine
D:11:     layout_loops_ring, lair_entry_dummy, david_orc_3, serial_shops, shop
Temple:   eino_temple_water
Orc:1:    layout_diamond_mine, serial_shops, nicolae_lakefront_shop,
          nicolae_shop_behind_doors, shop_fountains, nicolae_shop_crystal,
          gammafunk_ghost_split
Orc:2:    st_orc_pillars, layout_caves, uniq_jorgrun

Skill      XL: |  1  2  3  4  5  6  7  8  9 10 11 12 |
---------------+-------------------------------------+-----
Maces & Flails | 3 4 5 6 |  6.0
Fighting       | 4 5 10 | 10.0
Evocations     | 1 2 3 4 5 |  5.0
Dodging        | 2 5 |  5.3
Invocations    | 5 10 | 10.3
Armour         | 5 |  5.3
Shields        | 4 |  4.0
Staves         | 2 8 13 | 13.5
Long Blades    | 5 |  5.0
Throwing       | |  0.7

Action                   |  1- 3 |  4- 6 |  7- 9 | 10-12 || total
-------------------------+-------+-------+-------+-------++-------
Melee: Flail             |    56 |    60 |   275 |   130 ||   521
       Lajatang          |       |       |       |   253 ||   253
Invok: Divine Shield     |       |       |     2 |     8 ||    10
Evoke: Wand              |       |       |    12 |    11 ||    23
  Use: Scroll            |     1 |     3 |     7 |    11 ||    22
       Potion            |       |       |     5 |     3 ||     8
Armor: Scale mail        |    25 |       |       |     1 ||    26
       Leather armour    |     5 |    42 |   120 |    48 ||   215
       Troll leather arm |       |       |       |    87 ||    87
Dodge: Dodged            |    23 |    25 |   139 |   198 ||   385
Block: Buckler           |    16 |    22 |    82 |    63 ||   183
       Other             |       |       |       |    39 ||    39

Table legend: (Time is in decaauts)
 A = Elapsed time spent in this place.
 B = Non-inter-level travel time spent in this place.
 C = Inter-level travel time spent in this place.
 D = Time resting spent in this place.
 E = Time spent auto-exploring this place.
 F = Levels seen in this place.
 G = Mean time per level.
                   A        B        C        D        E       F      G
               +--------+--------+--------+--------+--------+-----+--------+
         Total |   6444 |   6001 |    443 |     96 |   1840 |  14 |  460.3 |
       Dungeon |   6028 |   5594 |    434 |     90 |   1727 |  11 |  548.0 |
        Temple |     60 |     51 |      9 |      0 |      0 |   1 |   60.0 |
  Orcish Mines |    356 |    356 |      0 |      6 |    113 |   2 |  178.0 |
               +--------+--------+--------+--------+--------+-----+--------+

Top non-repeatable levels by time:
     D:7: 956 daAuts
     D:5: 821 daAuts
     D:2: 776 daAuts
     D:9: 631 daAuts
     D:1: 605 daAuts
     D:8: 534 daAuts
     D:3: 518 daAuts
     D:4: 465 daAuts
     D:6: 448 daAuts
   Orc:1: 234 daAuts
    D:10: 225 daAuts
   Orc:2: 122 daAuts
  Temple: 60 daAuts
    D:11: 45 daAuts
